Map: Base du roi Sejong EC

Players

zidar

  • Race: Zerg Zerg
  • League: Gold
  • Spawn Location: 11:00

HooNonMonNom - Winner!

  • Race: Zerg Zerg
  • League: Silver
  • Spawn Location: 5:00

VOD

Have the link to the VOD?

Description

Time

  • Played on: June 18, 2016, 10:05 a.m.
  • Length: 7:01
Show
View Real Time Build Order
Export as new Build Order

zidar Zerg 

Build Orders: Pool First 

Get SALT Encoding   

  12  0:01  Drone  
  13  0:12  Overlord  
  13  0:17  Drone  
  14  0:30  Drone x2  
  16  0:44  Spawning Pool  
  16  0:47  Drone  
  16  1:12  Hatchery  
  16  1:14  Drone  
  16  1:19  Extractor  
  16  1:20  Drone  
  16  1:36  Queen  
  16  1:38  Drone  
  19  1:45  Overlord  
  19  1:59  Spine Crawler  
  18  2:01  Drone  
  19  2:14  Queen  
  22  2:21  Metabolic Boost  
  22  2:35  Roach Warren  
  21  2:49  Spine Crawler  
  21  3:05  Extractor, Drone x6  
  21  3:09  Drone x2  
  28  3:13  Overlord  
  28  3:36  Drone x7  
  35  3:54  Overlord x3  
  35  4:05  Spine Crawler  
  35  4:08  Roach  
  36  4:14  Roach  
  36  4:15  Roach x2  
  36  4:16  Roach  
  44  4:18  Roach  
  44  4:22  Roach  
  48  4:44  Roach x2  
  52  4:48  Overlord x2  
  52  5:06  Drone x7  
  59  5:12  Lair  
  59  5:19  Ravager  
  59  5:20  Ravager x4  
  64  5:30  Extractor  
  63  5:50  Roach x2  
  63  5:56  Overlord x5  
  67  6:18  Spore Crawler  
  67  6:19  Roach x3, Spore Crawler  
  67  6:20  Roach x4  
  67  6:23  Ravager x3  
Show
View Real Time Build Order
Export as new Build Order

HooNonMonNom Zerg - Winner!

Build Orders: Hatch First 

Get SALT Encoding   

  12  0:01  Drone  
  13  0:12  Overlord  
  13  0:17  Drone  
  14  0:30  Drone x2  
  14  0:35  Drone  
  17  0:55  Hatchery  
  17  0:56  Drone  
  17  0:58  Drone  
  18  1:14  Spawning Pool  
  17  1:25  Extractor  
  17  1:26  Drone x2  
  18  1:36  Drone  
  18  1:39  Drone  
  20  1:52  Overlord  
  20  2:00  Queen  
  22  2:09  Queen  
  24  2:22  Roach Warren  
  24  2:23  Drone  
  24  2:34  Drone  
  24  2:35  Drone x2  
  24  2:36  Queen  
  29  2:47  Drone x4  
  33  3:10  Roach  
  33  3:12  Overlord x3  
  35  3:13  Overlord  
  35  3:25  Drone  
  36  3:35  Drone x3  
  36  3:36  Drone  
  40  3:41  Extractor  
  40  3:45  Roach x3  
  45  3:59  Drone x3  
  45  4:00  Drone x2  
  50  4:04  Extractor  
  49  4:12  Roach x4  
  57  4:19  Evolution Chamber  
  57  4:20  Evolution Chamber  
  57  4:21  Drone x2  
  57  4:31  Roach x5  
  67  4:52  Overlord x2  
  67  4:53  Overlord x2  
  67  4:56  Zerg Missile Weapons Level 1  
  67  4:57  Zerg Ground Armor Level 1  
  67  5:18  Roach x5  
  67  5:19  Roach x2  
  81  5:39  Roach x5  
  91  5:55  Overlord x2  
  91  5:58  Drone  
  92  6:13  Overlord x6  
  92  6:16  Ravager x5  
  97  6:37  Hatchery  
Tags
 
Add a new tag
Caveats
  • Supply blocks, unpowered buildings, or Contaminate may cause inaccurate times.
  • Supply counts are checked every 10 seconds.